PUBRL
GUANICA NORDIQUES @ GAHANNA WILD DOGS
08/24/1972
 
TOP OF THE 1ST
Guanica Nordiques batting - Pitching for Gahanna Wild Dogs : RHP Brad Harvey
Pitching: RHP Brad Harvey
Batting: LHB Jeff Rankin 0-0: Swinging Strike
0-1: Ball
1-1: Ball
2-1: Swinging Strike
2-2: Ball
3-2: Foul Ball, location: 2F
3-2: Base on Balls
Batting: RHB Jason Zimmerman 0-0: Ball
1-0: Foul Ball, location: 9LSF
1-1: Ball
2-1: Ball
3-1: Base on Balls
Jeff Rankin to second
Batting: SHB Steven Bradford 0-0: Ball
1-0: Ball
2-0: Fly out, F8 (Flyball, 8LM, EV 93.1 MPH)
Batting: LHB Nelson Trevino 0-0: Fly out, F7 (Line Drive, 78D, EV 83.8 MPH)
Batting: LHB Joe Richardson 0-0: Called Strike
0-1: Called Strike
0-2: Foul Ball, location: 9LSF
0-2: Fly out, F8 (Flyball, 8LD, EV 105.0 MPH)
Top of the 1st over - 0 runs, 0 hits, 0 errors, 2 left on base; Guanica 0 - Gahanna 0
BOTTOM OF THE 1ST
Gahanna Wild Dogs batting - Pitching for Guanica Nordiques : RHP Brady Thompson
Pitching: RHP Brady Thompson
Batting: RHB José Rocha 0-0: SINGLE (Line Drive, 78M, EV 106.3 MPH)
Batting: LHB Michael Cowan 0-0: Ball
1-0: Ball
2-0: Called Strike
2-1: Fly out, F3 (Popup, 13, EV 85.6 MPH)
Batting: LHB Willie Cantrell 0-0: Called Strike
0-1: Called Strike
0-2: Ball
1-2: Foul Ball, location: 3F
1-2: Strikes out looking
Batting: RHB Claude Bishop 0-0: Called Strike
0-1: Ball
1-1: Ball
2-1: Swinging Strike
2-2: Strikes out swinging
Bottom of the 1st over - 0 runs, 1 hit, 0 errors, 1 left on base; Guanica 0 - Gahanna 0
TOP OF THE 2ND
Guanica Nordiques batting - Pitching for Gahanna Wild Dogs : RHP Brad Harvey
Batting: RHB Kenny Harris 0-0: Foul Ball, location: 5F
0-1: Foul Ball, location: 2F
0-2: Ball
1-2: Ball
2-2: Ball
3-2: Foul Ball, location: 2F
3-2: Base on Balls
Batting: RHB Pedro Marroquín 0-0: Ball
1-0: Ball
2-0: Foul Ball, location: 3F
2-1: Fly out, F9 (Flyball, 89S, EV 92.5 MPH)
Batting: RHB Chris Sullivan 0-0: Ball
1-0: Fly out, F7 (Flyball, 7LS, EV 88.8 MPH)
Batting: RHB Felipe Santos 0-0: Called Strike
0-1: Called Strike
0-2: Ball
1-2: Ball
2-2: Ball
3-2: Strikes out swinging
Top of the 2nd over - 0 runs, 0 hits, 0 errors, 1 left on base; Guanica 0 - Gahanna 0
BOTTOM OF THE 2ND
Gahanna Wild Dogs batting - Pitching for Guanica Nordiques : RHP Brady Thompson
Batting: RHB Bobby Valentine 0-0: Ball
1-0: Fly out, F9 (Flyball, 9, EV 94.4 MPH)
Batting: LHB Anderson Daniel 0-0: Fly out, F6 (Popup, P, EV 78.1 MPH)
Batting: RHB Shane Perry 0-0: Ball
1-0: Ball
2-0: Ground out 6-3 (Groundball, 6, EV 90.0 MPH)
Bottom of the 2nd over - 0 runs, 0 hits, 0 errors, 0 left on base; Guanica 0 - Gahanna 0
TOP OF THE 3RD
Guanica Nordiques batting - Pitching for Gahanna Wild Dogs : RHP Brad Harvey
Batting: LHB Jeff Rankin 0-0: Called Strike
0-1: Ball
1-1: Ball
2-1: Fly out, F6 (Line Drive, 6, EV 64.4 MPH)
Batting: RHB Jason Zimmerman 0-0: Called Strike
0-1: Foul Ball, location: 2F
0-2: Ball
1-2: Ball
2-2: Foul Ball, location: 2F
2-2: Strikes out swinging
Batting: SHB Steven Bradford 0-0: Ball
1-0: Ball
2-0: SINGLE (Line Drive, 4D, EV 95.6 MPH)
Batting: LHB Nelson Trevino 0-0: Ball
1-0: Called Strike
1-1: Foul Ball, location: 2RF
1-2: Fly out, F3 (Popup, 3F, EV 73.8 MPH)
Top of the 3rd over - 0 runs, 1 hit, 0 errors, 1 left on base; Guanica 0 - Gahanna 0
BOTTOM OF THE 3RD
Gahanna Wild Dogs batting - Pitching for Guanica Nordiques : RHP Brady Thompson
Batting: LHB Ronald Harrell 0-0: Foul Ball, location: 3FF
0-1: Ball
1-1: Ball
2-1: Ball
3-1: Base on Balls
Batting: RHB Glenn Borgmann 0-0: Swinging Strike
0-1: Sac Bunt to 2R - play at first, batter OUT! 2-3
Ronald Harrell to second
Batting: RHB José Rocha 0-0: SINGLE (Line Drive, 8RS, EV 98.1 MPH)
Ronald Harrell to third
Runner from 3rd tries for Home, SAFE, throw by CF to home
Batting: LHB Michael Cowan 0-0: Swinging Strike
0-1: Ball
1-1: Ball
2-1: Called Strike
2-2: Foul Ball, location: 2F
2-2: Strikes out swinging
Batting: LHB Willie Cantrell 0-0: Foul Ball, location: 7LMF
0-1: Ball
1-1: Ball
2-1: Foul Ball, location: 5SF
2-2: Ball
3-2: Strikes out swinging
Bottom of the 3rd over - 1 run, 1 hit, 0 errors, 1 left on base; Guanica 0 - Gahanna 1
TOP OF THE 4TH
Guanica Nordiques batting - Pitching for Gahanna Wild Dogs : RHP Brad Harvey
Batting: LHB Joe Richardson 0-0: Called Strike
0-1: Swinging Strike
0-2: Ball
1-2: Foul Ball, location: 7LSF
1-2: Ball
2-2: Foul Ball, location: 3FF
2-2: Ball
3-2: Base on Balls
Batting: RHB Kenny Harris 0-0: Fly out, F9 (Flyball, 9D, EV 102.5 MPH)
Batting: RHB Pedro Marroquín 0-0: Ball
1-0: Swinging Strike
1-1: Fly out, F9 (Flyball, 9LS, EV 92.5 MPH)
Batting: RHB Chris Sullivan 0-0: Ball
1-0: Called Strike
1-1: Ball
2-1: Ball
3-1: Foul Ball, location: 2F
3-2: Base on Balls
Joe Richardson to second
Batting: RHB Felipe Santos 0-0: Ball
1-0: Foul Ball, location: 9LSF
1-1: Fly out, F9 (Flyball, 89M, EV 98.8 MPH)
Top of the 4th over - 0 runs, 0 hits, 0 errors, 2 left on base; Guanica 0 - Gahanna 1
BOTTOM OF THE 4TH
Gahanna Wild Dogs batting - Pitching for Guanica Nordiques : RHP Brady Thompson
Batting: RHB Claude Bishop 0-0: Called Strike
0-1: Ball
1-1: Called Strike
1-2: Strikes out swinging
Batting: RHB Bobby Valentine 0-0: Fly out, F7 (Flyball, 7D, EV 104.4 MPH)
Batting: LHB Anderson Daniel 0-0: Fly out, F8 (Flyball, 8RM, EV 91.9 MPH)
Bottom of the 4th over - 0 runs, 0 hits, 0 errors, 0 left on base; Guanica 0 - Gahanna 1
TOP OF THE 5TH
Guanica Nordiques batting - Pitching for Gahanna Wild Dogs : RHP Brad Harvey
Batting: LHB Jeff Rankin 0-0: Ball
1-0: Swinging Strike
1-1: Foul Ball, location: 23F
1-2: Strikes out looking
Batting: RHB Jason Zimmerman 0-0: Ball
1-0: SINGLE (Groundball, 15S, EV 72.5 MPH) (infield hit)
Batting: SHB Steven Bradford 0-0: Called Strike
0-1: Ball
1-1: Foul Ball, location: 23FF
1-2: Grounds into double play, 4-6-3 (Groundball, 4, EV 106.3 MPH)
Top of the 5th over - 0 runs, 1 hit, 0 errors, 0 left on base; Guanica 0 - Gahanna 1
BOTTOM OF THE 5TH
Gahanna Wild Dogs batting - Pitching for Guanica Nordiques : RHP Brady Thompson
Batting: RHB Shane Perry 0-0: Called Strike
0-1: Ball
1-1: Swinging Strike
1-2: Hit by Pitch
Batting: LHB Ronald Harrell 0-0: Ball
1-0: Fly out, F4 (Popup, 4MS, EV 84.4 MPH)
Batting: RHB Glenn Borgmann 0-0: Foul Ball, location: 5FF
0-1: Foul Ball, location: 2F
0-2: Foul Ball, location: 2F
0-2: Ball
1-2: Ball
2-2: Foul Ball, location: 9LMF
2-2: Ball
3-2: Foul Ball, location: 2LF
3-2: 2-RUN HOME RUN (Flyball, 9LD, EV 93.8 MPH), Distance : 339 ft
Batting: RHB José Rocha 0-0: Swinging Strike
0-1: Foul Ball, location: 2F
0-2: Strikes out looking
Batting: LHB Michael Cowan 0-0: Foul Ball, location: 5F, Error on foul ball, E5
0-1: SINGLE (Line Drive, 8RS, EV 84.4 MPH)
Batting: LHB Willie Cantrell 0-0: Ball
1-0: Ball
2-0: Called Strike
2-1: Called Strike
Michael Cowan steals 2nd base
2-2: Fly out, F7 (Flyball, 7, EV 88.1 MPH)
Bottom of the 5th over - 2 runs, 2 hits, 1 error, 1 left on base; Guanica 0 - Gahanna 3
TOP OF THE 6TH
Guanica Nordiques batting - Pitching for Gahanna Wild Dogs : RHP Brad Harvey
Batting: LHB Nelson Trevino 0-0: Swinging Strike
0-1: Ball
1-1: Ground out U3 (Groundball, 3, EV 86.3 MPH)
Batting: LHB Joe Richardson 0-0: Ball
1-0: Foul Ball, location: 2LF
1-1: Ball
2-1: Swinging Strike
2-2: Strikes out swinging
Batting: RHB Kenny Harris 0-0: Foul Ball, location: 25F
0-1: Ball
1-1: Swinging Strike
1-2: Strikes out swinging
Top of the 6th over - 0 runs, 0 hits, 0 errors, 0 left on base; Guanica 0 - Gahanna 3
BOTTOM OF THE 6TH
Gahanna Wild Dogs batting - Pitching for Guanica Nordiques : RHP Brady Thompson
Batting: RHB Claude Bishop 0-0: Foul Ball, location: 25F
0-1: Fly out, F8 (Line Drive, 8RD, EV 89.4 MPH)
Batting: RHB Bobby Valentine 0-0: Ball
1-0: DOUBLE (Line Drive, 89D, EV 105.0 MPH)
Batting: LHB Anderson Daniel 0-0: Ball
1-0: Called Strike
1-1: Ball
2-1: 2-RUN HOME RUN (Flyball, 78XD, EV 110.6 MPH), Distance : 435 ft
Pitching: RHP Mike Nichols
Pinch Hitting: LHB Bartolo Díaz 0-0: Ball
1-0: Called Strike
1-1: SINGLE (Groundball, 6MD, EV 99.4 MPH)
Batting: LHB Ronald Harrell 0-0: Ball
Wild Pitch!
Bartolo Díaz to second
1-0: Swinging Strike
1-1: Foul Ball, location: 7LMF
1-2: Fly out, F9 (Flyball, 9LS, EV 83.1 MPH)
Batting: RHB Glenn Borgmann 0-0: Foul Ball, location: 5F
0-1: Ground out 6-3 (Groundball, 6, EV 89.4 MPH)
Bottom of the 6th over - 2 runs, 3 hits, 0 errors, 1 left on base; Guanica 0 - Gahanna 5
TOP OF THE 7TH
Guanica Nordiques batting - Pitching for Gahanna Wild Dogs : RHP Brad Harvey
Now in CF: Luis Vázquez
Batting: RHB Pedro Marroquín 0-0: Foul Ball, location: 2F
0-1: Ball
1-1: Swinging Strike
1-2: Foul Ball, location: 9LSF
1-2: SINGLE (Groundball, 34, EV 101.9 MPH)
Batting: RHB Chris Sullivan 0-0: Ball
1-0: Fielders Choice at 2nd, 1-6 (Groundball, 13S, EV 66.3 MPH)
Batting: RHB Felipe Santos 0-0: Called Strike
0-1: Called Strike
0-2: Ball
1-2: Foul Ball, location: 23F
1-2: Ball
2-2: Strikes out swinging
Batting: LHB Jeff Rankin 0-0: Ball
1-0: Ball
2-0: Swinging Strike
2-1: Called Strike
2-2: Ball
3-2: Strikes out looking
Top of the 7th over - 0 runs, 1 hit, 0 errors, 1 left on base; Guanica 0 - Gahanna 5
BOTTOM OF THE 7TH
Gahanna Wild Dogs batting - Pitching for Guanica Nordiques : RHP Mike Nichols
Batting: RHB José Rocha 0-0: Fly out, F4 (Popup, 4D, EV 56.3 MPH)
Batting: LHB Michael Cowan 0-0: Ball
1-0: Called Strike
1-1: Ball
2-1: Ball
3-1: Base on Balls
Batting: LHB Willie Cantrell 0-0: Ball
1-0: Ball
2-0: Foul Ball, location: 2F
2-1: Ball
3-1: SINGLE (Groundball, 34D, EV 110.0 MPH)
Michael Cowan to second
Runner from 2nd tries for 3rd, OUT! 9-5
Batting: RHB Claude Bishop 0-0: Fly out, F4 (Popup, 3, EV 66.9 MPH)
Bottom of the 7th over - 0 runs, 1 hit, 0 errors, 1 left on base; Guanica 0 - Gahanna 5
TOP OF THE 8TH
Guanica Nordiques batting - Pitching for Gahanna Wild Dogs : RHP Brad Harvey
Batting: RHB Jason Zimmerman 0-0: Foul Ball, location: 2F
0-1: Ball
1-1: Ball
2-1: SINGLE (Line Drive, 6M, EV 97.5 MPH)
Pitching: LHP Alan House
Batting: SHB Steven Bradford 0-0: Ball
1-0: Grounds into double play, 5-4-3 (Groundball, 5L, EV 84.4 MPH)
Batting: RHB Jorge Martínez 0-0: Ground out 4-3 (Groundball, 6M, EV 98.1 MPH)
Top of the 8th over - 0 runs, 1 hit, 0 errors, 0 left on base; Guanica 0 - Gahanna 5
BOTTOM OF THE 8TH
Gahanna Wild Dogs batting - Pitching for Guanica Nordiques : RHP Mike Nichols
Batting: RHB Bobby Valentine 0-0: Ball
1-0: Ball
2-0: Ground out 6-3 (Groundball, 6, EV 84.4 MPH)
Batting: LHB Anderson Daniel 0-0: Ground out 1-3 (Groundball, P, EV 65.0 MPH)
Batting: LHB Luis Vázquez 0-0: Called Strike
0-1: Ball
1-1: Ball
2-1: Ball
3-1: Foul Ball, location: 2RF
3-2: Foul Ball, location: 25FF
3-2: Base on Balls
Batting: LHB Ronald Harrell 0-0: Foul Ball, location: 2F
0-1: Ball
1-1: Ball
2-1: Foul Ball, location: 7LSF
2-2: Strikes out swinging
Bottom of the 8th over - 0 runs, 0 hits, 0 errors, 1 left on base; Guanica 0 - Gahanna 5
TOP OF THE 9TH
Guanica Nordiques batting - Pitching for Gahanna Wild Dogs : LHP Alan House
Batting: LHB Joe Richardson 0-0: Called Strike
0-1: Swinging Strike
0-2: SOLO HOME RUN (Flyball, 78XD, EV 113.1 MPH), Distance : 428 ft
Batting: RHB Kenny Harris 0-0: Ball
1-0: Ball
2-0: Ball
3-0: Called Strike
3-1: SINGLE (Line Drive, 9LS, EV 110.0 MPH)
Batting: RHB Pedro Marroquín 0-0: Ball
1-0: Swinging Strike
1-1: Foul Ball, location: 2F
1-2: Grounds into double play, 6-4-3 (Groundball, 6M, EV 101.9 MPH)
Batting: RHB Chris Sullivan 0-0: Called Strike
0-1: Ball
1-1: Hit by Pitch
Pinch Hitting: RHB Gary Matthews 0-0: Swinging Strike
0-1: Ball
1-1: Ball
2-1: Foul Ball, location: 3F
2-2: Strikes out swinging
Top of the 9th over - 1 run, 2 hits, 0 errors, 1 left on base; Guanica 1 - Gahanna 5
Friday, April 26th , 2024 - OOTP Baseball 24.8 Build 75